 Dungeon Crawl Stone Soup version 0.29-a0-422-gafbd6decc1 (webtiles) character file.

Game seed: 7769244132451262599

129 hquester the Ruffian (level 4, 0/45 HPs)
             Began as a Troll Berserker on May 18, 2022.
             Was a Believer of Trog.
             Slain by a gnoll
             ... wielding a +0 spear
              (2 damage)
             ... on level 3 of the Dungeon.
             The game lasted 00:04:52 (1528 turns).

hquester the Ruffian (Troll Berserker)              Turns: 1528, Time: 00:04:53

Health: 0/45       AC:  4    Str: 25    XL:     4   Next: 88%
Magic:  3/3        EV: 10    Int:  3    God:    Trog [**....]
Gold:   109        SH:  0    Dex: 11    Spells: 3/3 levels left

rFire   . . .      SeeInvis .     - Unarmed
rCold   . . .      Faith    .   (no shield)
rNeg    . . .      Spirit   .   a - +0 animal skin
rPois   .          Reflect  .   (helmet restricted)
rElec   .          Harm     .   (no cloak)
rCorr   .          Rampage  .   (gloves unavailable)
Will    .....                   (boots unavailable)
Stlth   +.........              (no amulet)
HPRegen 0.95/turn               (no ring)
MPRegen 0.08/turn               (no ring)

@: no status effects
A: large, unfitting armour, claws 3, regeneration 1, shaggy fur 1, tough skin 1
a: Renounce Religion, Berserk, Trog's Hand


You were on level 3 of the Dungeon.
You worshipped Trog.
Trog was pleased with you.
You visited 1 branch of the dungeon, and saw 3 of its levels.

You collected 109 gold pieces.

Inventory:

Armour
 a - a +0 animal skin (worn)
Wands
 g - a wand of acid (1)
Scrolls
 e - a scroll of brand weapon {unknown}
 f - a scroll of amnesia {unknown}
Potions
 b - a potion of mutation {unknown}
 c - a potion of degeneration {unknown}
 d - a potion of heal wounds {unknown}


   Skills:
 + Level 3.3 Fighting
 + Level 3.3 Dodging
 + Level 4.0 Unarmed Combat


You had 3 spell levels left.
You didn't know any spells.
Your spell library was empty.

Dungeon Overview and Level Annotations

Branches:
Dungeon (3/15)

Altars:
Dithmenos


Innate Abilities, Weirdness & Mutations

You are too large for most types of armour.
You have claws for hands.
Your natural rate of healing is unusually fast.
You are covered in fur. (AC +1)
You have tough skin. (AC +1)


Message History

You kill the gnoll!
Trog accepts your kill.
Your Unarmed Combat skill increases to level 4!
You closely miss the gnoll. The gnoll hits you but does no damage.
The gnoll hits you from afar with a +0 spear.
You barely miss the gnoll. The gnoll hits you with a +0 flail!
The gnoll hits you from afar with a +0 spear.
You scratch the gnoll but do no damage. The gnoll closely misses you.
The gnoll completely misses you.
You scratch the gnoll.
The gnoll is moderately wounded.
The gnoll hits you with a +0 flail.
The gnoll hits you from afar with a +0 spear.
You claw the gnoll!
The gnoll is almost dead.
The gnoll closely misses you. The gnoll hits you but does no damage.
You claw the gnoll!
You kill the gnoll!
Trog accepts your kill.
The gnoll hits you from afar with a +0 spear.
The gnoll misses you.
Items here: )) ††.
You barely miss the gnoll. The gnoll hits you but does no damage.
The gnoll hits you with a +0 spear.
You barely miss the gnoll. The gnoll barely misses you. x2
You scratch the gnoll.
The gnoll is moderately wounded.
The gnoll hits you with a +0 spear.
* * * LOW HITPOINT WARNING * * *
The gnoll closely misses you.
You claw the gnoll!
The gnoll is severely wounded.
The gnoll hits you from afar with a +0 spear.
* * * LOW HITPOINT WARNING * * *
The gnoll hits you with a +0 spear!
* * * LOW HITPOINT WARNING * * *
You scratch the gnoll but do no damage.
The gnoll is severely wounded.
The gnoll hits you from afar with a +0 spear.
You die...

....#.....#.#.#.#
.................>
............#.#####
#####..†##..#.#
#...##..#.#
8##...##(...#
.##..#......# #
.>#..#......#####.#
..##........gg@†...#
.8##..#......#######
#.........#
##......####
#.......#####
#.##........# +.
#.....g..#
###........#
+........†..#


You could see 2 gnolls.

Vanquished Creatures
  A hound (D:2)
  2 gnolls (D:3)
  2 adders
  3 dart slugs (D:1)
  3 ball pythons
  5 endoplasms
  4 giant cockroaches
  4 goblins
  2 hobgoblins
  7 jackals (D:1)
  3 quokkas (D:2)
  4 bats
  5 frilled lizards
  4 kobolds (D:2)
  6 rats
55 creatures vanquished.

Vanquished Creatures (others)
  A plant (D:1)
1 creature vanquished.

Grand Total: 56 creatures vanquished

Notes
Turn   | Place    | Note
-------+----------+-------------------------------------------
     0 | D:1      | hquester the Troll Berserker began the quest for the Orb.
     0 | D:1      | Reached XP level 1. HP: 22/22 MP: 0/0
   115 | D:1      | Reached XP level 2. HP: 26/29 MP: 1/1
   353 | D:1      | Found a faded altar of an unknown god.
   558 | D:1      | Reached ** piety under Trog
   560 | D:1      | Reached XP level 3. HP: 36/36 MP: 2/2
  1042 | D:2      | Found a shadowy altar of Dithmenos.
  1202 | D:2      | Reached XP level 4. HP: 45/45 MP: 3/3
  1517 | D:3      | Reached skill level 4 in Unarmed Combat
  1527 | D:3      | HP: 1/45 [gnoll/+0 spear (7)]
  1528 | D:3      | Slain by a gnoll

Illustrated notes

Levels and vault maps discovered:
D:1:      denvon_arrival_planthouse, layout_loops_corners,
          shapermc_ecumenical_altar_starsandcircs
D:2:      layout_rooms, basic_altar, st_stairs_8
D:3:      layout_basic, nicolae_overflow_hidden_temple, portal_sewer_entry_d,
          minmay_divided_ellipse, uniq_robin

Skill      XL: |  1  2  3  4 |
---------------+-------------+-----
Fighting       | 3 |  3.3
Dodging        | 3 |  3.3
Unarmed Combat | 4 |  4.0

Action                   |  1- 3 |  4- 6 || total
-------------------------+-------+-------++-------
Melee: Unarmed           |   105 |    35 ||   140
       Punch             |     3 |       ||     3
 Stab: Sleeping          |     1 |       ||     1
Armor: Animal skin       |    36 |    15 ||    51
Dodge: Dodged            |    58 |    25 ||    83

Table legend: (Time is in decaauts)
 A = Elapsed time spent in this place.
 B = Non-inter-level travel time spent in this place.
 C = Inter-level travel time spent in this place.
 D = Time resting spent in this place.
 E = Time spent auto-exploring this place.
 F = Levels seen in this place.
 G = Mean time per level.
                   A        B        C        D        E       F      G
               +--------+--------+--------+--------+--------+-----+--------+
         Total |   1520 |   1455 |     65 |      0 |   1042 |   3 |  506.7 |
       Dungeon |   1520 |   1455 |     65 |      0 |   1042 |   3 |  506.7 |
               +--------+--------+--------+--------+--------+-----+--------+

Top non-repeatable levels by time:
     D:1: 908 daAuts
     D:2: 537 daAuts
     D:3: 73 daAuts
